 Dungeon Crawl Stone Soup version 0.29.1-12-g30fa7ad0bf (webtiles) character file.

Game seed: 4198397601757015679

11425 MacCMillion the Geomancer (level 11, -5/72 HPs)
             Began as a Gargoyle Earth Elementalist on Dec 20, 2022.
             Was a Priest of Vehumet.
             Slain by a yak (9 damage)
             ... on level 11 of the Dungeon.
             The game lasted 00:24:17 (12974 turns).

MacCMillion the Geomancer (GrEE)                   Turns: 12974, Time: 00:24:18

Health: -5/72      AC: 16    Str: 11    XL:     11   Next: 77%
Magic:  20/23      EV: 12    Int: 30    God:    Vehumet [***...]
Gold:   501        SH:  0    Dex: 10    Spells: 22/26 levels left

rFire   . . .      SeeInvis .   K - +3 dagger (elec)
rCold   . . .      Faith    .   (no shield)
rNeg    + . .      Spirit   .   G - +0 steam dragon scales
rPois   ∞          Reflect  .   w - +0 hat
rElec   +          Harm     .   (no cloak)
rCorr   .          Rampage  .   (no gloves)
Will    +....                   I - +1 pair of boots {Stlth+}
Stlth   +++.......              m - amulet of magic regeneration
HPRegen 0.22/turn               T - +6 ring of intelligence
MPRegen 0.58/turn               v - ring "Goruofath" {Will+ Int+3}

@: no status effects
A: sickness immunity, AC +8, negative energy resistance 1, electricity
resistance, torment resistance 1, petrification resistance
a: Renounce Religion


You were on level 11 of the Dungeon.
You worshipped Vehumet.
Vehumet was most pleased with you.
You visited 2 branches of the dungeon, and saw 12 of its levels.
You also visited: Bailey.

You collected 501 gold pieces.

Inventory:

Hand Weapons
 A - a +4 rapier of venom
 E - a +4 falchion
 J - a +3 dagger
 K - a +3 dagger of electrocution (weapon)
Missiles
 f - 27 poisoned darts
 P - 4 throwing nets
Armour
 a - a +0 robe
 o - the +0 robe of Henotheism {Harm Str+3 Stlth+}
   (You found it on level 5 of the Dungeon)

   Str:       It affects your strength (+3).
   Harm:      It increases damage dealt and taken.
   Stlth:     It makes you more stealthy.
 w - a +0 hat (worn)
 G - +0 steam dragon scales (worn)
 I - a +1 pair of boots of stealth (worn)
 O - the +3 salamander hide armour {Flames rF++ rC--}
   (You found it on level 8 of the Dungeon)

   It surrounds you with a cloud of flames.
   It grants immunity to clouds of flame.
   It enhances your fire magic.
   rF:        It greatly protects you from fire.
   rC:        It makes you very vulnerable to cold.
Jewellery
 h - a ring of positive energy
 k - a ring of resist corrosion
 m - an amulet of magic regeneration (around neck)
 r - a ring of protection from fire
 t - an amulet of regeneration
 v - the ring "Goruofath" (right hand) {Will+ Int+3}
   (You found it on level 4 of the Dungeon)

   [ring of willpower]

   Int:       It affects your intelligence (+3).
   Will:      It increases your willpower.
 H - a ring of fire
 T - a +6 ring of intelligence (left hand)
Wands
 M - a wand of charming (14)
 N - a wand of mindburst (13)
 R - a wand of flame (17)
 X - a wand of roots (4)
 Z - a wand of digging (4)
Scrolls
 c - a scroll of poison {unknown}
 d - a scroll of fear
 g - a scroll of vulnerability {unknown}
 i - 2 scrolls of blinking
 n - 2 scrolls of noise
 q - a scroll of enchant armour {unknown}
 s - a scroll of immolation
 u - a scroll of fog {unknown}
 y - a scroll of brand weapon {unknown}
 B - 6 scrolls of teleportation
 D - a scroll of silence {unknown}
 L - a scroll of identify
 W - a scroll of magic mapping {unknown}
Potions
 b - 4 potions of magic
 e - a potion of attraction {unknown}
 j - 5 potions of might {unknown}
 l - 7 potions of lignification
 p - 2 potions of degeneration {unknown}
 x - 3 potions of haste
 z - 4 potions of resistance
 C - 2 potions of flight
 F - 3 potions of curing {unknown}
 Q - a potion of brilliance
 S - a potion of ambrosia {unknown}
 U - a potion of invisibility {unknown}
 V - 2 potions of cancellation {unknown}
 Y - 2 potions of mutation {unknown}


   Skills:
 - Level 10.0 Fighting
 - Level 5.0 Armour
 - Level 4.0 Dodging
 - Level 2.2 Stealth
 + Level 8.1 Spellcasting
 - Level 5.0 Conjurations
 - Level 0.7 Transmutations
 + Level 13.3 Earth Magic


You had 22 spell levels left.
You knew the following spells:

 Your Spells              Type           Power      Damage    Failure   Level
a - Sandblast             Erth           100%       2d20      0%          1
b - Stone Arrow           Conj/Erth      100%       3d13      1%          3

Your spell library contained the following spells:

 Spells                   Type           Power      Damage    Failure   Level
 Frozen Ramparts          Ice            24%        1d4       3%          3
 Passwall                 Tmut/Erth      44%        N/A       1%          2
 Petrify                  Tmut/Erth      53%        N/A       2%          4
 Summon Lightning Spire   Summ/Air       12%        N/A       38%         4
 Metabolic Englaciation   Hex/Ice        6%         N/A       75%         5
 Storm Form               Tmut/Air       7%         N/A       100%        7
 Maxwell's Capacitive Co  Air            6%         ∞         100%        8
 Statue Form              Tmut/Erth      Unusable   N/A       N/A         6

Dungeon Overview and Level Annotations

Branches:
Dungeon (11/15)            Temple (1/1) D:4             Orc (0/2) D:10
 Bailey (visited)
   Lair: D:8-11

Altars:
Ashenzari
Cheibriados
Fedhas
Kikubaaqudgha
Makhleb
Qazlal
Trog
Vehumet
Wu Jian
Xom
Yredelemnul
Zin
The Shining One

Portals:
Trove: D:10 (give +4 fire dragon scales)

Annotations:
D:3 Sigmund
D:9 Harold


Innate Abilities, Weirdness & Mutations

You are immune to sickness and miasma.
Your stone body is resilient. (AC +8)
You are immune to poison.
You resist negative energy. (rN+)
You are resistant to electric shocks. (rElec)
You are resistant to unholy torment.
You are immune to petrification.


Message History

You are too injured to fight recklessly!
You are too injured to fight recklessly!
You are too injured to fight recklessly!
You are too injured to fight recklessly!
Unknown command.
You are too injured to fight recklessly!
You are too injured to fight recklessly!
The yak gores you but does no damage.
You see here a potion of lignification.
The yak attacks as you move away! The yak gores you!
The yak attacks as you move away! The yak gores you but does no damage.
You are too injured to fight recklessly!
Aiming: Sandblast (safe; 0% risk of failure)
Press: ? - help, Q - select action, (/) - cycle Shift-Dir - straight line, f/p - yak
Aim: a yak (moderately wounded, 91% to hit)
The blast of sand hits the yak!
The yak is severely wounded.
The yak gores you!
* * * LOW HITPOINT WARNING * * *
The yak barely misses you.
Aiming: Sandblast (safe; 0% risk of failure)
Press: ? - help, Q - select action, (/) - cycle Shift-Dir - straight line, f/p - yak
Aim: a yak (severely wounded, 91% to hit)
The blast of sand hits the yak!!
You kill the yak!
Vehumet accepts your kill.
You feel your power returning. The yak gores you.
* * * LOW HITPOINT WARNING * * *
The yak gores you!
* * * LOW HITPOINT WARNING * * *
Casting: Sandblast (safe; 0% risk of failure)
Confirm with . or Enter, or press ? or * to list all spells.
Aiming: Stone Arrow (safe; 1% risk of failure)
Press: ? - help, Shift-Dir - straight line, f - yak
Aim: a yak (87% to hit)
The stone arrow hits the yak!!
The yak is severely wounded.
The yak gores you!
You die...

############ #..........#
#..........### .
#............. ...
#.............
....#+########.............
......>..!@.....##'#####...
....<....Y......#......#...
................#......#...
................#####..#...
.###+#############.##..#...
........'... ........#...
.##.##..#... #. #..#...


You could see a yak.

Vanquished Creatures
  3 vault guards
  Pikel (D:7)
  Maggie (D:6)
  2 kobold demonologists
  2 trolls
  Prince Ribbit (Bailey)
  A hornet (D:9)
  A shadow (D:10)
  12 yaks
  3 wyverns
  A wraith (D:10)
  3 steam dragons
  3 humans (Bailey)
  Menkaure (D:5)
  2 acid dragons (D:11)
  A water moccasin (D:7)
  Duvessa (D:7)
  5 orc warriors
  4 ice beasts
  A black bear (D:5)
  3 ogres (D:6)
  A centaur (D:5)
  2 kobold brigands
  2 lemures (D:7)
  A necrophage (D:3)
  7 bullfrogs
  2 gnoll sergeants (D:8)
  3 scorpions (D:5)
  7 wights
  Dowan (D:7)
  2 electric eels (D:6)
  A howler monkey (D:10)
  2 hounds
  6 orc priests
  A jelly (D:5)
  2 iguanas
  Natasha (thrice) (D:2)
  10 orc wizards
  15 gnolls
  7 adders
  A shadow imp (D:6)
  A white imp (D:6)
  An ufetubus (D:7)
  A worm (D:2)
  3 dart slugs
  33 orcs
  9 endoplasms
  3 giant cockroaches
  4 hobgoblins
  7 jackals
  15 kobolds
  3 quokkas
  3 ball pythons
  5 bats
  3 frilled lizards (D:1)
  6 goblins
  2 rats
227 creatures vanquished.

Notes
Turn   | Place    | Note
-------+----------+-------------------------------------------
     0 | D:1      | MacCMillion the Gargoyle Earth Elementalist began the quest
                  | for the Orb.
     0 | D:1      | Reached XP level 1. HP: 10/10 MP: 3/3
    83 | D:1      | Reached skill level 4 in Earth Magic
   171 | D:1      | Reached XP level 2. HP: 15/15 MP: 3/5
  1085 | D:1      | Reached XP level 3. HP: 19/19 MP: 4/6
  1318 | D:2      | Reached skill level 5 in Earth Magic
  1323 | D:2      | Learned a level 3 spell: Stone Arrow
  1329 | D:2      | Found a faded altar of an unknown god.
  1453 | D:2      | Noticed Natasha
  1466 | D:2      | Killed Natasha
  1467 | D:2      | Reached skill level 1 in Conjurations
  1467 | D:2      | Reached XP level 4. HP: 13/24 MP: 2/7
  1652 | D:2      | Noticed Natasha
  1657 | D:2      | Killed Natasha
  1764 | D:2      | Noticed Natasha
  1768 | D:2      | Killed Natasha
  1769 | D:2      | Reached XP level 5. HP: 28/28 MP: 5/8
  2152 | D:2      | Reached skill level 6 in Earth Magic
  2672 | D:3      | Noticed Sigmund
  2855 | D:3      | Identified the +2 robe of the Equinox {rN+ Will+}
  3072 | D:4      | Found a staircase to the Ecumenical Temple.
  3095 | Temple   | Entered the Ecumenical Temple
  3099 | Temple   | Became a worshipper of Vehumet
  3416 | D:3      | Reached XP level 6. HP: 31/32 MP: 9/9
  3650 | D:4      | Identified the ring "Goruofath" {Will+ Int+3}
  3910 | D:5      | Entered Level 5 of the Dungeon
  4172 | D:5      | Reached skill level 7 in Earth Magic
  4177 | D:5      | Identified the +0 robe of Henotheism {Harm Str+3 Stlth+}
  4710 | D:5      | Found a blossoming altar of Fedhas.
  4756 | D:5      | Reached XP level 7. HP: 36/36 MP: 1/10
  4785 | D:5      | Found an ancient bone altar of Kikubaaqudgha.
  4790 | D:5      | Reached skill level 5 in Conjurations
  5138 | D:5      | Found a shimmering altar of Xom.
  5374 | D:5      | Reached skill level 1 in Fighting
  5374 | D:5      | Reached skill level 8 in Earth Magic
  5735 | D:5      | Noticed a shadow
  5869 | D:5      | Noticed Menkaure
  5878 | D:5      | Killed Menkaure
  5879 | D:5      | Reached XP level 8. HP: 47/47 MP: 2/11
  6017 | D:6      | Reached skill level 9 in Earth Magic
  6147 | D:6      | Reached skill level 5 in Fighting
  6217 | D:6      | Found an ornate altar of the Wu Jian Council.
  6257 | D:6      | Found a bloodstained altar of Trog.
  6257 | D:6      | Noticed Maggie
  6336 | D:6      | Reached skill level 10 in Earth Magic
  6374 | D:6      | Reached * piety under Vehumet
  6374 | D:6      | Offered knowledge of Freeze by Vehumet.
  6391 | D:6      | Killed Maggie
  6392 | D:6      | Reached XP level 9. HP: 47/54 MP: 3/12
  6619 | D:6      | Reached skill level 1 in Armour
  6833 | D:6      | Noticed a kobold demonologist
  6839 | D:6      | Noticed a rust devil
  6883 | D:6      | Noticed a soul eater
  6884 | D:6      | Killed a kobold demonologist
  7460 | D:7      | Noticed Duvessa
  7580 | D:7      | Noticed Dowan
  7597 | D:7      | Killed Duvessa
  7598 | D:7      | Killed Dowan
  7693 | D:7      | Noticed a boulder beetle
  8001 | D:7      | Found a snail-covered altar of Cheibriados.
  8209 | D:7      | Reached skill level 5 in Armour
  8209 | D:7      | Reached XP level 10. HP: 64/64 MP: 16/16
  8302 | D:7      | Noticed Pikel
  8305 | D:7      | Killed Pikel
  8395 | D:7      | Reached ** piety under Vehumet
  8395 | D:7      | Offered knowledge of Searing Ray by Vehumet.
  8607 | D:8      | Found the +3 salamander hide armour {Flames rF++ rC--}
  8720 | D:8      | Found a broken altar of Ashenzari.
  9515 | D:9      | Noticed Harold
  9591 | D:9      | Found a glowing golden altar of the Shining One.
  9766 | D:9      | Reached skill level 10 in Fighting
 10167 | D:9      | Found a burning altar of Makhleb.
 10747 | D:9      | Offered knowledge of Static Discharge by Vehumet.
 10752 | D:9      | Reached skill level 5 in Spellcasting
 10998 | D:10     | Entered Level 10 of the Dungeon
 11051 | D:10     | Reached skill level 11 in Earth Magic
 11064 | D:10     | Reached XP level 11. HP: 58/72 MP: 16/19
 11090 | D:10     | Noticed a vault guard
 11097 | D:10     | Killed a vault guard
 11176 | D:10     | Found a portal to a secret trove of treasure.
 11193 | D:10     | Found a staircase to the Orcish Mines.
 11199 | D:10     | Reached *** piety under Vehumet
 11383 | D:10     | Found a flagged portal.
 11426 | D:10     | Reached skill level 12 in Earth Magic
 11454 | Bailey   | Entered a bailey
 12177 | Bailey   | Noticed a vault guard
 12177 | Bailey   | Noticed Prince Ribbit
 12209 | Bailey   | Killed a vault guard
 12351 | Bailey   | Killed Prince Ribbit
 12351 | Bailey   | Offered knowledge of Frozen Ramparts by Vehumet.
 12395 | Bailey   | Noticed a vault guard
 12405 | Bailey   | Killed a vault guard
 12606 | D:10     | Reached skill level 13 in Earth Magic
 12974 | D:11     | Slain by a yak

Illustrated notes

Levels and vault maps discovered:
D:1:      saegor_arrival_miasma, layout_basic
D:2:      layout_loops_corners, hellmonk_ecumenical_altar_crossroads,
          uniq_natasha
D:3:      layout_rooms, uniq_sigmund
D:4:      layout_basic, temple_statues
D:5:      layout_rooms, okawaru_ov_weapons_minmay, lemuel_round_altar,
          hangedman_feature_mirror, minmay_puff, uniq_menkaure
D:6:      layout_loops_cross, mainiacjoe_overflow_surrounded_room,
          lemuel_tele_altar, minmay_misc_feat_chi, minmay_crystal_water,
          kennysheep_generic_room_2, uniq_maggie
D:7:      layout_basic, mainiacjoe_overflow_brackets, minmay_microvault,
          uniq_pikel, uniq_duvessa
D:8:      layout_loops_ring, mainiacjoe_overflow_small_starburst,
          nicolae_benzene_ring, hangedman_decor_slide_cut
D:9:      layout_loops_ring, mainiacjoe_overflow_six_doors_small,
          general_overflow_altar, minmay_holes, uniq_harold
D:10:     layout_loops_ring, minmay_orc_entry_temple_small, enter_bailey_8,
          enter_trove_5, chequers_garden, uniq_snorg
D:11:     layout_gridville, erik_lair_island, lemuel_flamethrower_2, uniq_psyche
Temple:   zaba_magenta_temple

Skill      XL: |  1  2  3  4  5  6  7  8  9 10 11 |
---------------+----------------------------------+-----
Earth Magic    | 4 5 6 7 8 10 11 13 | 13.3
Conjurations   | 1 2 3 4 5 |  5.0
Fighting       | 3 5 7 10 | 10.0
Dodging        | 4 |  4.0
Armour         | 5 |  5.0
Spellcasting   | 4 5 8 |  8.1
Stealth        | |  2.2
Transmutations | |  0.7

Action                   |  1- 3 |  4- 6 |  7- 9 | 10-12 || total
-------------------------+-------+-------+-------+-------++-------
Melee: Unarmed           |     3 |       |       |       ||     3
       Dagger            |     2 |       |       |     4 ||     6
       Falchion          |       |       |     5 |       ||     5
 Cast: Sandblast         |    39 |    68 |    94 |   200 ||   401
       Stone Arrow       |       |     4 |    28 |    45 ||    77
Evoke: Wand              |       |       |       |     1 ||     1
  Use: Scroll            |       |     3 |     5 |     1 ||     9
       Potion            |       |     1 |       |       ||     1
Armor: Robe              |     3 |     4 |    10 |       ||    17
       Steam dragon scal |       |       |     8 |    82 ||    90
Dodge: Dodged            |    17 |     8 |    35 |   103 ||   163
